 Dungeon Crawl Stone Soup version 0.32-a0-516-g94ed278cf8 (webtiles) character file.

Game seed: 10407600602590200145

11441 GabrielManson the Grappler (level 11, -4/101 HPs)
             Began as a Troll Fighter on Feb 26, 2024.
             Was a High Priest of Ignis.
             Slain by a torpor snail (10 damage)
             ... on level 2 of the Lair of Beasts on Feb 27, 2024.
             The game lasted 00:20:06 (10151 turns).

GabrielManson the Grappler (Troll Fighter)         Turns: 10151, Time: 00:20:06

Health: -4/101     AC:  9    Str: 35    XL:     11   Next: 49%
Magic:  10/10      EV: 11    Int:  3    God:    Ignis [*****.]
Gold:   687        SH: 11    Dex: 13    Spells: 10/10 levels left

rFire   + .          .
                       - Unarmed
rCold   . . .        b - +1 kite shield
rNeg    . . .        A - +0 acid dragon scales
rPois   +            (helmet restricted)
rElec   +            (no cloak)
rCorr   +            (gloves unavailable)
SInv    .            (boots unavailable)
Will    .....        (no amulet)
Stlth   ++           o - +6 ring of strength
HPRegen 1.16/turn    r - ring of poison resistance
MPRegen 0.12/turn

%: no passive effects
@: slowed, very slow
A: large, unfitting armour, claws 3, regeneration 1, shaggy fur 1, tough skin 1,
agile 1, electricity resistance
a: Renounce Religion, Fiery Armour, Foxfire Swarm


You were on level 2 of the Lair of Beasts.
You worshipped Ignis.
Ignis was extremely pleased with you.
You visited 3 branches of the dungeon, and saw 12 of its levels.

You collected 687 gold pieces.

Inventory:

Missiles
 e - a throwing net (quivered)
Armour
 a - a +0 robe
 b - a +1 kite shield (worn)
 A - +0 acid dragon scales (worn)
Jewellery
 o - a +6 ring of strength (left claw)
 r - a ring of poison resistance (right claw)
 x - a ring of protection from cold
 C - a ring of see invisible
 I - a ring of magical power
Wands
 s - a wand of light (31)
 t - a wand of iceblast (13)
 B - a wand of flame (10)
Scrolls
 d - 4 scrolls of fear
 f - a scroll of brand weapon {unknown}
 h - 2 scrolls of amnesia
 n - 4 scrolls of teleportation
 p - 2 scrolls of vulnerability
 u - a scroll of blinking {unknown}
 v - a scroll of fog {unknown}
 w - 2 scrolls of torment {unknown}
 y - 2 scrolls of noise {unknown}
 z - 7 scrolls of identify
 E - 4 scrolls of poison {unknown}
 F - a scroll of enchant armour
Potions
 c - a potion of might
 g - 4 potions of curing
 j - a potion of magic
 k - 2 potions of ambrosia {unknown}
 l - 3 potions of brilliance
 m - a potion of invisibility {unknown}
 q - a potion of resistance {unknown}
 D - a potion of lignification
 G - a potion of haste {unknown}
Miscellaneous
 H - a tin of tremorstones (2/2)


   Skills:
 + Level 4.4 Fighting
 + Level 4.0 Armour
 + Level 6.6 Dodging
 + Level 2.8 Stealth
 + Level 8.1 Shields
 + Level 12.3 Unarmed Combat


You had 10 spell levels left.
You didn't know any spells.
Your spell library contained the following spells:

 Spells                   Type           Power      Damage    Failure   Level
 Call Imp                 Summ           0%         N/A       86%         2
 Cigotuvi's Dreadful Rot  Necr/Alch/Air  0%         N/A       86%         2
 Scorch                   Fire           0%         2d5       86%         2
 Static Discharge         Conj/Air       0%         3-3/arc   86%         2
 Sublimation of Blood     Necr           0%         N/A       86%         2
 Fugue of the Fallen      Necr           0%         N/A       97%         3
 Inner Flame              Hex/Fire       0%         N/A       97%         3
 Ozocubu's Armour         Ice            0%         N/A       97%         3
 Airstrike                Air            0%         2d(0-16)  100%        4
 Dispel Undead            Necr           0%         3d6       100%        4
 Flame Wave               Conj/Fire      0%         2d4       100%        4
 Ignite Poison            Fire/Alch      0%         N/A       100%        4
 Manifold Assault         Tloc           0%         N/A       100%        4
 Martyr's Knell           Necr/Summ      0%         N/A       100%        4
 Sticky Flame             Fire/Alch      0%         2d4       100%        4
 Summon Lightning Spire   Summ/Air       0%         N/A       100%        4
 Freezing Cloud           Conj/Ice/Air   0%         6-21      100%        5
 Death Channel            Necr           0%         N/A       100%        6
 Summon Cactus Giant      Summ           0%         N/A       100%        6
 Summon Hydra             Summ           0%         N/A       100%        7


Dungeon Overview and Level Annotations

Branches:
Dungeon (9/15)             Temple (1/1) D:6            Lair (2/5) D:9
  Swamp: Lair:2-3    Shoals: Lair:2-3     Snake: Lair:2-3    Spider: Lair:2-3
    Orc: D:9-12

Altars:
Ashenzari
Cheibriados
Dithmenos
Elyvilon
Fedhas
Gozag
Hepliaklqana
Makhleb
Nemelex Xobeh
Okawaru
Qazlal
Ru
Sif Muna
Trog
Uskayaw
Vehumet
Wu Jian
Xom
Yredelemnul
Zin
Ignis

Shops:
D:5 :   D:7 !


Innate Abilities, Weirdness & Mutations

You are too large for most types of armour.
You have claws for hands.
Your natural rate of healing is unusually fast.
You are covered in fur. (AC +1)
You have tough skin. (AC +1)
You are agile. (Dex +4, Str/Int -1)
You are resistant to electric shocks. (rElec)


Message History

You are too injured to fight recklessly!
You are too injured to fight recklessly!
You are too injured to fight recklessly!
You are too injured to fight recklessly!
You are too injured to fight recklessly!
You are too injured to fight recklessly!
You are too injured to fight recklessly!
You completely miss the torpor snail. You block the yak's attack. x2
The torpor snail bites you. You block the yak's attack.
The yak closely misses you.
You scratch the torpor snail.
The torpor snail is lightly wounded.
The torpor snail bites you. You block the yak's attack.
The yak closely misses you.
You claw the torpor snail!
The torpor snail is lightly wounded.
The yak barely misses you. The yak gores you!
* * * LOW HITPOINT WARNING * * *
You block the torpor snail's attack.
You scratch the torpor snail.
The torpor snail is moderately wounded.
You block the yak's attack. The yak barely misses you.
The torpor snail bites you but does no damage.
You block the yak's attack. The yak gores you but does no damage.
You completely miss the torpor snail.
The torpor snail is moderately wounded.
The yak closely misses you. You block the yak's attack.
The torpor snail bites you!
* * * LOW HITPOINT WARNING * * *
You scratch the torpor snail but do no damage.
The torpor snail is lightly wounded.
The yak closely misses you. The yak gores you.
* * * LOW HITPOINT WARNING * * *
The torpor snail bites you!
* * * LOW HITPOINT WARNING * * *
You mangle the torpor snail!!
The torpor snail is heavily wounded.
You block the yak's attack. x2; The torpor snail bites you!
You die...
Ignis goes out, and joins you in death.

#............#..#....
##........P.#..#......
#.........#.#.#....... .
# #../.................
#.#.#........#...........
.....##..#.##....P......P
......†...)..............
..#..#..†................
.#~....#@#..##..#.......#
..##...YwY..P...#.......
...[........P..........
.....#..#....... .....P.P
#...... .......P ..#...
#....... ...... .?....
......


You could see a torpor snail and 2 yaks.

Vanquished Creatures
  A deep troll (Lair:1)
  Pikel (D:5)
  3 cane toads
  A rime drake (Lair:2)
  A komodo dragon (D:9)
  Maggie (D:8)
  A polar bear (Lair:1)
  4 slime creatures (D:9)
  2 wyverns
  A shadow (D:9)
  12 yaks (Lair:2)
  Eustachio (D:5)
  3 basilisks
  Menkaure (D:5)
  2 acid dragons
  5 water moccasins
  A swamp drake (D:9)
  2 sky beasts
  4 black bears
  4 ice beasts
  3 ogres
  8 wolves (Lair:1)
  A phantom (D:5)
  A kobold brigand (D:8)
  9 bullfrogs
  9 wights
  4 scorpions
  2 howler monkeys
  5 electric eels
  4 bombardier beetles
  3 jellies
  2 hounds (D:5)
  A gnoll bouda (D:5)
  2 orc priests
  A sleepcap (D:6)
  Terence (D:2)
  2 iguanas (D:6)
  7 orc wizards
  3 adders
  15 gnolls
  A shadow imp (D:7)
  A white imp (D:6)
  2 dart slugs
  3 ribbon worms
  19 orcs
  9 bats
  3 endoplasms
  3 giant cockroaches
  8 goblins
  6 hobgoblins
  8 jackals
  7 quokkas
  5 ball pythons
  6 frilled lizards
  5 kobolds
  6 rats
226 creatures vanquished.

Vanquished Creatures (others)
  A kobold (D:8)
1 creature vanquished.

Grand Total: 227 creatures vanquished

Notes
Turn   | Place    | Note
-------+----------+-------------------------------------------
     0 | D:1      | GabrielManson the Troll Fighter began the quest for the
                  | Orb.
     0 | D:1      | Reached XP level 1. HP: 22/22 MP: 0/0
    46 | D:1      | Found a faded altar of an unknown god.
    63 | D:1      | Prayed at the altar of an unknown god.
    63 | D:1      | Became a worshipper of Ignis, the Dying Flame
    97 | D:1      | Reached XP level 2. HP: 13/29 MP: 1/1
   705 | D:2      | Reached XP level 3. HP: 36/36 MP: 2/2
   770 | D:1      | You fall into a shaft and drop 1 floor!
   830 | D:2      | Identified the +6 hand axe of the Grinning Gods {drain,
                  | *Noise Str+3 Int+7}
   926 | D:2      | Gained mutation: You have a somewhat thin skeletal
                  | structure. (Dex +2, Stealth+) [potion of mutation]
   926 | D:2      | Gained mutation: You are agile. (Dex +4, Str/Int -1)
                  | [potion of mutation]
   968 | D:2      | Noticed Terence
   981 | D:2      | Killed Terence
   982 | D:2      | Reached XP level 4. HP: 35/44 MP: 3/3
  1473 | D:3      | Reached skill level 3 in Unarmed Combat
  1634 | D:3      | Lost mutation: You are agile. (Dex +4, Str/Int -1) [potion
                  | of mutation]
  1634 | D:3      | Lost mutation: You have a somewhat thin skeletal structure.
                  | (Dex +2, Stealth+) [potion of mutation]
  1634 | D:3      | Gained mutation: You are agile. (Dex +4, Str/Int -1)
                  | [potion of mutation]
  1634 | D:3      | Gained mutation: You are resistant to electric shocks.
                  | (rElec) [potion of mutation]
  2061 | D:4      | Reached XP level 5. HP: 46/50 MP: 4/4
  2600 | D:5      | Entered Level 5 of the Dungeon
  2625 | D:5      | Noticed Eustachio
  2639 | D:5      | Killed Eustachio
  2640 | D:5      | Reached skill level 1 in Stealth
  2640 | D:5      | Reached skill level 4 in Unarmed Combat
  2640 | D:5      | Reached XP level 6. HP: 55/59 MP: 5/5
  2729 | D:5      | Reached XP level 7. HP: 41/66 MP: 6/6
  2733 | D:5      | Upgraded the game from 0.32-a0-481-g9ce6b883f8 to
                  | 0.32-a0-516-g94ed278cf8
  2821 | D:5      | Reached skill level 5 in Unarmed Combat
  2955 | D:5      | Noticed Pikel
  2971 | D:5      | Killed Pikel
  2972 | D:5      | Reached skill level 5 in Shields
  2972 | D:5      | Reached skill level 6 in Unarmed Combat
  2972 | D:5      | Reached XP level 8. HP: 66/75 MP: 7/7
  3022 | D:5      | Found Taamega's Book Shoppe.
  3070 | D:5      | Noticed Menkaure
  3083 | D:5      | Killed Menkaure
  3084 | D:5      | Reached skill level 7 in Unarmed Combat
  3169 | D:5      | Found a basalt altar of Yredelemnul.
  3169 | D:5      | Found a shimmering blue altar of Sif Muna.
  3469 | D:5      | Found a bloodstained altar of Trog.
  3658 | D:6      | Reached XP level 9. HP: 62/83 MP: 8/8
  3728 | D:6      | Reached skill level 8 in Unarmed Combat
  3743 | D:6      | Reached skill level 5 in Dodging
  4027 | D:6      | Found a white marble altar of Elyvilon.
  4132 | D:6      | You fall into a shaft and drop 3 floors!
  4133 | D:9      | Noticed a komodo dragon
  4138 | D:9      | Killed a komodo dragon
  4146 | D:9      | Reached skill level 9 in Unarmed Combat
  4190 | D:9      | Found a staircase to the Lair.
  4212 | Lair:1   | Entered Level 1 of the Lair of Beasts
  4428 | D:9      | Reached skill level 10 in Unarmed Combat
  4432 | D:9      | Reached XP level 10. HP: 33/92 MP: 9/9
  4762 | D:8      | Lost intelligence.
  5139 | D:8      | Identified the +9 quarterstaff "Xeitur" {heavy, Will+
                  | Int+4}
  5158 | D:8      | Noticed Maggie
  5169 | D:8      | Killed Maggie
  5170 | D:8      | Reached skill level 1 in Armour
  5608 | D:7      | Reached skill level 11 in Unarmed Combat
  5763 | D:7      | Found Cyin's Distillery.
  5822 | D:7      | Found an ornate altar of the Wu Jian Council.
  6708 | D:6      | Found a staircase to the Ecumenical Temple.
  6720 | Temple   | Entered the Ecumenical Temple
  7364 | Lair:1   | Reached XP level 11. HP: 95/100 MP: 10/10
  9901 | Lair:1   | Noticed a deep troll
  9907 | Lair:1   | Killed a deep troll
 10026 | Lair:2   | Reached skill level 12 in Unarmed Combat
 10150 | Lair:2   | HP: 5/101 [torpor snail (12)]
 10151 | Lair:2   | Slain by a torpor snail

Illustrated notes

Levels and vault maps discovered:
D:1:      dpeg_arrival_rooms_b, layout_basic,
          hellmonk_ecumenical_altar_pennies_from_heaven,
          hangedman_decor_clover_reticule
D:2:      layout_loops_corners, serial_bayou_pond_b, uniq_terence
D:3:      layout_loops_ring
D:4:      layout_cave_pools, serial_glass, glass_columns_a, glass_columns_b,
          item_on_display_a, due_unseen_surprise, feat_on_display
D:5:      layout_cave_pods, trog_ov_bears_minmay,
          gammafunk_temple_overflow_wave, serial_shops,
          nicolae_book_shop_shelving, uniq_eustachio, uniq_menkaure, uniq_pikel
D:6:      layout_loops_corners, mainiacjoe_overflow_alcove_2,
          minmay_temple_entry_nine_rooms, gup_sewer_entry_bubbles,
          kennysheep_cluttered_room
D:7:      layout_basic, nicolae_wu_jian_immortal_techniques, serial_shops,
          nicolae_shop_tiny_real_fake_doors
D:8:      layout_cave_pools, small_statue_intersection, serial_bayou_pond_e,
          serial_bayou_lake_a, uniq_maggie
D:9:      layout_rooms, mainiacjoe_overflow_paths, erik_lair_dragon,
          david_defended_altar_orc
Temple:   nicolae_temple_superstar
Lair:1:   dreamdust_cave_troll, layout_gridlike, serial_bayou_crossing,
          grunt_megastairs_3, serial_bayou_shore_a
Lair:2:   layout_gridlike, nicolae_snake_entry_squirm, st_stairs_11,
          serial_bayou_shore_b, uniq_erica

Skill      XL: |  1  2  3  4  5  6  7  8  9 10 11 |
---------------+----------------------------------+-----
Shields        | 3 4 5 6 7 8 |  8.1
Dodging        | 3 4 5 6 |  6.6
Unarmed Combat | 3 4 6 7 10 11 12 | 12.3
Stealth        | 1 2 |  2.8
Fighting       | 3 4 |  4.4
Armour         | 3 4 |  4.0

Action                     |  1- 3 |  4- 6 |  7- 9 | 10-12 || total
---------------------------+-------+-------+-------+-------++-------
  Melee: Unarmed           |    94 |   132 |   162 |   315 ||   703
 Invoke: Rising Flame      |     1 |       |       |       ||     1
  Evoke: Wand              |       |       |       |     1 ||     1
    Use: Scroll            |     1 |     6 |     2 |       ||     9
         Potion            |     1 |     1 |       |     6 ||     8
   Stab: Sleeping          |     2 |     4 |     2 |     3 ||    11
 Armour: Robe              |    45 |    83 |    61 |       ||   189
         Acid dragon scale |       |       |     9 |   248 ||   257
  Dodge: Dodged            |    32 |    61 |    48 |   117 ||   258
         Repelled          |       |       |     1 |     3 ||     4
  Block: Kite shield       |    47 |    96 |    60 |   204 ||   407

Table legend: (Time is in decaauts)
 A = Elapsed time spent in this place.
 B = Non-inter-level travel time spent in this place.
 C = Inter-level travel time spent in this place.
 D = Time resting spent in this place.
 E = Time spent auto-exploring this place.
 F = Levels seen in this place.
 G = Mean time per level.
                   A        B        C        D        E       F      G
               +--------+--------+--------+--------+--------+-----+--------+
         Total |  10326 |   9929 |    397 |   2835 |   5445 |  12 |  860.5 |
       Dungeon |   7067 |   6712 |    355 |    680 |   4674 |   9 |  785.2 |
        Temple |      1 |      1 |      0 |      0 |      0 |   1 |    1.0 |
          Lair |   3257 |   3215 |     42 |   2155 |    771 |   2 | 1628.5 |
               +--------+--------+--------+--------+--------+-----+--------+

Top non-repeatable levels by time:
  Lair:1: 3098 daAuts
     D:8: 1242 daAuts
     D:6: 1155 daAuts
     D:5: 1044 daAuts
     D:2: 881 daAuts
     D:3: 578 daAuts
     D:1: 576 daAuts
     D:4: 574 daAuts
     D:7: 571 daAuts
     D:9: 442 daAuts
  Lair:2: 158 daAuts
  Temple: 1 daAuts
